 Dungeon Crawl Stone Soup version 0.28.0-43-g3370ac3207 (webtiles) character file.

Game seed: 763509187416509081

39 smarlow the Magician (level 3, -9/25 HPs)
             Began as a Djinni Conjurer on Mar 5, 2022.
             Killed from afar by Sigmund (10 damage)
             ... with a magic dart
             ... on level 2 of the Dungeon.
             The game lasted 00:01:23 (1797 turns).

smarlow the Magician (Djinni Conjurer)              Turns: 1797, Time: 00:01:23

Health: -9/25      AC:  2    Str:  6    XL:     3   Next: 67%
Gold:   39         EV: 12    Int: 21    God:
                   SH:  0    Dex: 11

rFire   + + .      SeeInvis .   (no weapon)
rCold   x . .      Faith    .   (no shield)
rNeg    . . .      Spirit   .   a - +0 robe
rPois   ∞          Reflect  .   (no helmet)
rElec   .          Harm     .   (no cloak)
rCorr   .          Rampage  .   (no gloves)
Will    .....                   (boots unavailable)
Stlth   ++........              (no amulet)
HPRegen 0.08/turn               (no ring)
MPRegen 0.00/turn               (no ring)

@: flying
A: sickness immunity, fire resistance 2, cold vulnerability 1, float, innate
caster, HP casting, extra vitality 1
a: no special abilities


You were on level 2 of the Dungeon.
You visited 1 branch of the dungeon, and saw 2 of its levels.

You collected 39 gold pieces.

Inventory:

Armour
 a - a +0 robe (worn)
Jewellery
 e - a +6 ring of intelligence
Scrolls
 b - 2 scrolls of enchant weapon {unknown}
 d - a scroll of noise {unknown}
Potions
 c - 2 potions of degeneration {unknown}
 f - a potion of might {unknown}
 g - a potion of curing {unknown}
 h - 2 potions of flight {unknown}


   Skills:
 - Level 2.1 Dodging
 - Level 1.5 Stealth
 + Level 4.1 Spellcasting


You couldn't memorise any spells.
You knew the following spells:

 Your Spells              Type           Power      Damage    Failure   Level
a - Magic Dart            Conj           84%        1d7       2%          1
b - Searing Ray           Conj           42%        2d6       3%          2
c - Dazzling Flash        Conj/Hex       42%        N/A       6%          3
d - Fulminant Prism       Conj/Hex       10%        3d9       22%         4
e - Iskenderun's Mystic   Conj/Tloc      21%        2d6       22%         4
f - Shock                 Conj/Air       84%        1d8       2%          1
Your spell library was empty.

Dungeon Overview and Level Annotations

Branches:
Dungeon (2/15)

Altars:
Ashenzari

Annotations:
D:2 Sigmund


Innate Abilities, Weirdness & Mutations

You are immune to sickness and miasma.
You are immune to poison.
Your flesh is very heat resistant. (rF++)
You are vulnerable to cold. (rC-)
You float through the air rather than walking.
You learn spells naturally, not from books.
Your magical power is your life essence.
You have superior vitality. (+4 MHP)


Message History

Aiming: Magic Dart (safe; 2% risk of failure)
Press: ? - help, Q - select action, (/) - cycle Shift-Dir - straight line, f/p - worm
Aim: a worm (almost dead, 100% to hit)
The magic dart hits the worm.
You kill the worm!
* * * LOW HITPOINT WARNING * * *
h - 2 inky potions
Found an embroidered hat.
Found a stone staircase leading down.
There is a stone staircase leading down here.
b - 2 scrolls labelled DIVVIW JIWK (gained 1)
Found 29 stones.
Sigmund the Dreaded comes into view.
He is wielding a +0 scythe.
Sigmund is nearby!
The magic dart hits Sigmund but does no damage.
Sigmund shouts!
Casting: Magic Dart (safe; 2% risk of failure)
Confirm with . or Enter, or press ? or * to list all spells.
Aiming: Searing Ray (safe; 3% risk of failure)
Press: ? - help, Shift-Dir - straight line, f/p - Sigmund
Aim: Sigmund, wielding a +0 scythe and wearing a +0 robe (75% to hit)
The searing ray hits Sigmund.
Sigmund is lightly wounded. (Press . to maintain the ray.) Sigmund hits you from afar with a +0 scythe!
Casting: Searing Ray (safe; 3% risk of failure)
Confirm with . or Enter, or press ? or * to list all spells.
Aiming: Searing Ray (safe; 3% risk of failure)
Press: ? - help, Shift-Dir - straight line, f/p - Sigmund
Aim: Sigmund, wielding a +0 scythe and wearing a +0 robe (lightly wounded, 75% to hit)
The searing ray hits Sigmund!
Sigmund is moderately wounded. (Press . to maintain the ray.) Sigmund gestures at you while chanting.
The magic dart hits you!
* * * LOW HITPOINT WARNING * * *
Without enough magic to sustain it, your searing ray dissipates.
Sigmund casts a spell at you. The magic dart hits you!
You die...

#( ##.###.##### #.
#.......>...
#!####.#..###.#####
.........###.#####
#.....##..........
#@# #####.##### #.#
#..##### #.#
#....... #@#
#.###### #.# #.#
#.# #.# #.#
#.###### #.#
#....... #.#
#....... #.##
#.###### #..# #.#
##.# #.#


You could see Sigmund.

Vanquished Creatures
  A worm (D:2)
  A dart slug (D:1)
  2 ball pythons (D:1)
  2 endoplasms
  2 giant cockroaches
  3 goblins (D:1)
  3 hobgoblins (D:1)
  4 kobolds (D:1)
  4 quokkas (D:1)
  4 bats
  A frilled lizard (D:1)
  3 rats (D:1)
30 creatures vanquished.

Vanquished Creatures (others)
  4 toadstools (D:1)
4 creatures vanquished.

Grand Total: 34 creatures vanquished

Notes
Turn   | Place    | Note
-------+----------+-------------------------------------------
     0 | D:1      | smarlow the Djinni Conjurer began the quest for the Orb.
     0 | D:1      | Reached XP level 1. HP: 15/15 MP: 0/0
   418 | D:1      | Reached XP level 2. HP: 18/21 MP: 0/0
   711 | D:1      | Reached XP level 3. HP: 17/25 MP: 0/0
   711 | D:1      | Learned a level 1 spell: Shock
   913 | D:1      | Reached skill level 4 in Spellcasting
  1067 | D:1      | Found a faded altar of an unknown god.
  1249 | D:2      | Found a broken altar of Ashenzari.
  1790 | D:2      | Noticed Sigmund
  1795 | D:2      | HP: 1/25 [Sigmund/magic dart (10)]
  1797 | D:2      | Killed from afar by Sigmund

Illustrated notes

Levels and vault maps discovered:
D:1:      ldierk_walled_garden_2, layout_rooms, serial_glass, glass_columns_a,
          glass_columns_b, ebering_ecumenical_altar_hall, hangedman_glass_teeth
D:2:      layout_loops_ring, basic_altar, minmay_shallow_snake_nest,
          uniq_sigmund

Skill      XL: |  1  2  3 |
---------------+----------+-----
Spellcasting   | 4 |  4.1
Dodging        | |  2.1
Stealth        | |  1.5

Action                   || total
-------------------------++-------
 Cast: Magic Dart        ||    65
       Searing Ray       ||     2
Armor: Robe              ||     1
Dodge: Dodged            ||     1
